 Dungeon Crawl Stone Soup version 0.26-a0-831-g7192265339 (webtiles) character file.

Game seed: 985214608650080895

7 jasper the Slasher (level 1, 0/14 HPs)
             Began as a Palentonga Wanderer on Nov 16, 2020.
             Slain by a kobold
             ... wielding a +0 short sword
              (1 damage)
             ... on level 1 of the Dungeon.
             The game lasted 00:00:56 (411 turns).

jasper the Slasher (Palentonga Wanderer)             Turns: 411, Time: 00:00:57

Health: 0/14       AC:  4    Str: 15    XL:     1   Next: 83%
Magic:  3/3        EV:  9    Int: 11    God:
Gold:   35         SH:  0    Dex: 10    Spells: 3/4 levels left

rFire    . . .     SeeInvis +   c - +0 falchion
rCold    . . .     Faith    .   (no shield)
rNeg     . . .     Spirit   .   d - +0 robe
rPois    .         Reflect  .   (no helmet)
rElec    .         Harm     .   (no cloak)
rCorr    .         Rampage  .   (no gloves)
MR       .....                  (no barding)
Stlth    +.........             (no amulet)
HPRegen  0.04/turn              (no ring)
MPRegen  0.08/turn              (no ring)

@: very slightly contaminated, invisible
A: large, rugged brown scales 3, see invisible, deformed body, roll 1, armoured
tail
a: Rolling Charge


You were on level 1 of the Dungeon.
You visited 1 branch of the dungeon, and saw 1 of its levels.

You collected 35 gold pieces.

Inventory:

Hand Weapons
 a - a +0 short sword
 c - a +0 falchion (weapon)
Missiles
 i - 35 stones (quivered)
Armour
 d - a +0 robe (worn)
Scrolls
 e - a scroll of noise {unknown}
 g - 2 scrolls of identify {unknown}
 h - a scroll of fear {unknown}
Potions
 b - a potion of invisibility
 f - a potion of curing {unknown}
 j - a potion of might {unknown}


   Skills:
 - Level 3.0 Long Blades
 - Level 1.0 Stealth
 * Level 1.5 Unarmed Combat
 - Level 2.0 Spellcasting
   Level 1.0 Translocations
 - Level 2.0 Transmutations
   Level 1.0 Evocations


You had 3 spell levels left.
You knew the following spells:

 Your Spells              Type           Power        Failure   Level
a - Beastly Appendage     Tmut           #.....       13%         1

Your spell library contained the following spells:

 Spells                   Type           Power        Failure   Level
 Wereblood                Tmut           #.......     19%         2
 Spider Form              Tmut/Pois      #.........   50%         3
 Ice Form                 Ice/Tmut       #.......     88%         4
 Blade Hands              Tmut           #.........   98%         5


Dungeon Overview and Level Annotations

Branches:
Dungeon (1/15)

Altars:


Innate Abilities, Weirdness & Mutations

You are completely covered in rugged brown scales. (AC +3, +7% HP)
You have supernaturally acute eyesight. (SInv)
Armour fits poorly on your strangely shaped body.
You can roll at nearby foes to attack.
You have a long armoured tail.


Message History

You hit the giant cockroach.
You kill the giant cockroach!
The kobold hits you but does no damage.
You barely miss the kobold.
Your tail-slap misses the kobold.
The kobold hits you but does no damage.
You hit the kobold but do no damage.
The kobold hits you with a +0 short sword.
* * * LOW HITPOINT WARNING * * *
The kobold hits you but does no damage.
You take 6 damage, and have 1/14 hp.
MASSIVE DAMAGE!!
You see here 3 stones.
A leopard gecko comes into view.
Roll where?
Press: ? - help, Dir - move target cursor, f - hobgoblin
Aim: a hobgoblin, wielding a +0 club You roll forward with a clatter of scales!
You hit the hobgoblin.
The hobgoblin is heavily wounded.
The kobold hits you with a +0 short sword.
You die...

#..# ##.#.##### #......#.#
# #..# #........#
#......#.# # # #..#
#........# #......#.# #
#..####........# #....(.#.#
# #..............#
#......#..
###..####....)○..#
........)......○.# #...
###.####.......○K###...
#.####.####...@..#.l
#......# #....g.#..
###)####.# #......#.# ....#
#.# #......#.# . ....# ###
#......#.#### .. ....#
#.........g.# ... ....#
#######......#.##.# ....
....#
.............#.##.####...$.
....#
.............#.##g.(...(...


You could see a hobgoblin and a kobold.

Vanquished Creatures
  A giant cockroach (D:1)
  3 bats (D:1)
  3 frilled lizards (D:1)
  2 kobolds (D:1)
9 creatures vanquished.

Notes
Turn   | Place    | Note
-------+----------+-------------------------------------------
     0 | D:1      | jasper the Palentonga Wanderer began the quest for the Orb.
     0 | D:1      | jasper set off with the following items: a +0 short sword,
                  | a +0 falchion, a +0 robe; and the following spell
                  | memorised: Beastly Appendage; and the following spells
                  | available to memorise: Wereblood, Spider Form, Ice Form,
                  | Blade Hands
     0 | D:1      | Reached XP level 1. HP: 14/14 MP: 3/3
   292 | D:1      | Reached skill level 1 in Unarmed Combat
   411 | D:1      | Slain by a kobold

Illustrated notes

Levels and vault maps discovered:
D:1:      saegor_arrival_simple_c, layout_basic

Skill      XL: |  1 |
---------------+----+-----
Unarmed Combat | 1 |  1.5
Long Blades    | |  3.0
Stealth        | |  1.0
Spellcasting   | |  2.0
Translocations | |  1.0
Transmutations | |  2.0
Evocations     | |  1.0

Action                   || total
-------------------------++-------
Melee: Falchion          ||    14
       Tailslap          ||     1
Throw: Stone             ||    16
 Abil: Rolling Charge    ||     7
  Use: Potion            ||     1
Armor: Robe              ||     6
Dodge: Dodged            ||     9
       Rpst.: Falchion   ||     4

Table legend: (Time is in decaauts)
 A = Elapsed time spent in this place.
 B = Non-inter-level travel time spent in this place.
 C = Inter-level travel time spent in this place.
 D = Time resting spent in this place.
 E = Time spent auto-exploring this place.
 F = Levels seen in this place.
 G = Mean time per level.
                   A        B        C        D        E       F      G
               +--------+--------+--------+--------+--------+-----+--------+
         Total |    414 |    402 |     12 |      0 |    330 |   1 |  414.0 |
       Dungeon |    414 |    402 |     12 |      0 |    330 |   1 |  414.0 |
               +--------+--------+--------+--------+--------+-----+--------+

Top non-repeatable levels by time:
     D:1: 414 daAuts
